 Dungeon Crawl Stone Soup version 0.23-a0-386-g9c9d49f (webtiles) character file.

44 Cryolive the Digger (level 3, -4/19 HPs)
             Began as a Gargoyle Earth Elementalist on Oct 28, 2018.
             Killed by nerve-wracking pain
             ... invoked by Grinder
              (5 damage)
             ... on level 4 of the Dungeon.
             The game lasted 00:03:51 (1519 turns).

Cryolive the Digger (Gargoyle Earth Elementalist)   Turns: 1519, Time: 00:03:53

Health: -4/19      AC:  6    Str: 11    XL:     3   Next: 60%
Magic:  1/7        EV: 12    Int: 16    God:
Gold:   71         SH:  0    Dex: 10    Spells: 3/7 levels left

rFire    . . .     SeeInvis .   g - +0 mace
rCold    . . .     Gourm    .   (no shield)
rNeg     + . .     Faith    .   c - +0 robe
rPois    ∞         Spirit   .   (no helmet)
rElec    +         Reflect  .   (no cloak)
rCorr    .         Harm     .   a - +0 pair of gloves (curse)
MR       .....                  (no boots)
Stlth    ++........             (no amulet)
HPRegen  0.06/turn              (no ring)
MPRegen  0.10/turn              (no ring)

@: no status effects
A: negative energy resistance 1, electricity resistance, unbreathing,
petrification resistance, rot immunity, AC +3
a: no special abilities


You were on level 4 of the Dungeon.
You were not hungry.

You visited 1 branch of the dungeon, and saw 3 of its levels.

You collected 71 gold pieces.

Inventory:

Hand Weapons
 g - a +0 mace (weapon)
Missiles
 b - 52 stones (quivered)
Armour
 a - a cursed +0 pair of gloves (worn)
 c - a +0 robe (worn)
Scrolls
 f - 3 scrolls of remove curse {unknown}
 h - 3 scrolls of identify {unknown}
 i - a scroll of fog {unknown}
 k - a scroll of immolation {unknown}
Potions
 e - a potion of curing {unknown}
 j - a potion of might {unknown}
 l - a potion of haste {unknown}
Comestibles
 d - 4 rations


   Skills:
 - Level 1.5 Dodging
 - Level 2.1 Stealth
 + Level 2.8 Spellcasting
 + Level 0.8 Conjurations
   Level 0.7 Transmutations
 + Level 4.5 Earth Magic


You had 3 spell levels left.
You knew the following spells:

 Your Spells              Type           Power        Failure   Level  Hunger
a - Sandblast             Erth           ###...       3%          1    #......
b - Stone Arrow           Conj/Erth      ##....       19%         3    ###....

Your spell library contained the following spells:

 Spells                   Type           Power        Failure   Level  Hunger
 Passwall                 Tmut/Erth      ##......     10%         2    ##.....
 Petrify                  Tmut/Erth      ##......     54%         4    #####..
 Lee's Rapid Deconstruct  Erth           ###.......   63%         5    ######.


Dungeon Overview and Level Annotations

Branches:
Dungeon (2/15)

Altars:

Annotations:
D:4 Grinder


Innate Abilities, Weirdness & Mutations

You are resistant to torment.
Your stone body is resilient. (AC +3)
You are immune to poison.
You resist negative energy. (rN+)
You are resistant to electric shocks. (rElec)
You can survive without breathing.
You are immune to petrification.
You are immune to rotting.


Message History

The worker ant is moderately wounded.
The worker ant closely misses you.
Grinder blinks!
The giant cockroach misses you. The worker ant bites you.
You barely miss the worker ant.
The worker ant is moderately wounded.
The giant cockroach barely misses you.
The worker ant bites you but does no damage.
The giant cockroach bites you but does no damage.
Grinder hits you.
* * * LOW HITPOINT WARNING * * *
You writhe in agony.
* * * LOW HITPOINT WARNING * * *
You hit Grinder but do no damage.
Grinder is moderately wounded.
The worker ant bites you.
* * * LOW HITPOINT WARNING * * *
The giant cockroach closely misses you. Grinder gestures at you.
Pain shoots through your body!
You die...

#....# #....#
#....# .
#....###.>
#...#...
#≈#.....
#≈#5as#
#≈#.@##
#≈#...# #
#..##.###.#
#..##.....##
#............
#..........#.
#..........#
##.####...##
... ##...


You could see Grinder, a worker ant and a giant cockroach.

Vanquished Creatures
  An adder (D:2)
  4 dart slugs
  A leopard gecko (D:1)
  A ball python (D:1)
  4 giant cockroaches
  4 goblins (D:1)
  3 hobgoblins (D:1)
  4 bats (D:1)
  A frilled lizard (D:1)
  2 kobolds (D:2)
  A rat (D:1)
26 creatures vanquished.

Notes
Turn   | Place    | Note
-------+----------+-------------------------------------------
     0 | D:1      | Cryolive the Gargoyle Earth Elementalist began the quest
                  | for the Orb.
     0 | D:1      | Reached XP level 1. HP: 10/10 MP: 3/3
   383 | D:1      | Reached skill level 4 in Earth Magic
   383 | D:1      | Reached XP level 2. HP: 12/15 MP: 5/5
   970 | D:1      | Reached XP level 3. HP: 12/19 MP: 6/6
   975 | D:1      | Learned a level 3 spell: Stone Arrow
  1502 | D:2      | You fall through a shaft for 2 floors!
  1510 | D:4      | Noticed Grinder
  1513 | D:4      | Paralysed by Grinder for 2 turns
  1519 | D:4      | Killed from afar by Grinder

Vault maps used:
D:1:      doesnt_arrival_eight_statues
D:4:      serial_shops, shop, portal_sewer_entry_d, uniq_pikel, uniq_grinder

Skill      XL: |  1 |
---------------+----+-----
Earth Magic    | 4 |  4.5
Dodging        | |  1.5
Stealth        | |  2.1
Spellcasting   | |  2.8
Conjurations   | |  0.8
Transmutations | |  0.7

Action                   || total
-------------------------++-------
Melee: Unarmed           ||    21
       Mace              ||    75
 Cast: Sandblast         ||    11
       Stone Arrow       ||     2
 Stab: Sleeping          ||     4
  Eat: Chunk             ||     2
Armor: Robe              ||    51
Dodge: Dodged            ||    87

Table legend:
 A = Non-vault XP
 B = Vault XP
 C = Vault XP percentage of total XP
 D = Non-vault monster count
 E = Vault monster count
 F = Vault count percentage of total count
                 A         B        C        D         E       F
            +---------+---------+-------+---------+---------+-------
      Total |      63 |       0 |   0.0 |      26 |       0 |   0.0
            +---------+---------+-------+---------+---------+-------
        D:1 |      42 |       0 |   0.0 |      21 |       0 |   0.0
        D:2 |      21 |       0 |   0.0 |       5 |       0 |   0.0
            +---------+---------+-------+---------+---------+-------
